 Dungeon Crawl Stone Soup version 0.30-a0-793-g160f7cfddd (webtiles) character file.

Game seed: 13583570132737130011

91 timneilson the Covered (level 4, -5/28 HPs)
             Began as a Gargoyle Fighter on Feb 19, 2023.
             Killed by divine providence
             ... invoked by an orc priest
              (9 damage)
             ... on level 3 of the Dungeon.
             The game lasted 00:02:08 (1278 turns).

timneilson the Covered (Gargoyle Fighter)           Turns: 1278, Time: 00:02:09

Health: -5/28      AC: 10    Str: 20    XL:     4   Next: 59%
Magic:  4/4        EV:  8    Int:  8    God:
Gold:   77         SH:  8    Dex: 11    Spells: 3/3 levels left

rFire   . . .      SeeInvis .    a - +0 long sword
rCold   . . .      Faith    .    e - +0 kite shield
rNeg    + . .      Spirit   .    b - +0 scale mail
rPois   ∞          Reflect  .    (no helmet)
rElec   +          Harm     .    (no cloak)
rCorr   .          Rampage  .    (no gloves)
Will    .....                    (no boots) Stlth
                                 (no amulet)
HPRegen 0.24/turn                (no ring)
MPRegen 0.09/turn                (no ring)

@: no status effects
A: sickness immunity, AC +3, negative energy resistance 1, electricity
resistance, torment resistance 1, petrification resistance
a: no special abilities


You were on level 3 of the Dungeon.
You visited 1 branch of the dungeon, and saw 3 of its levels.

You collected 77 gold pieces.

Inventory:

Hand Weapons
 a - a +0 long sword (weapon)
Armour
 b - a +0 scale mail (worn)
 e - a +0 kite shield (worn)
Scrolls
 i - a scroll of teleportation
Potions
 c - 2 potions of flight
 d - 2 potions of might
 f - a potion of mutation {unknown}
 g - a potion of heal wounds {unknown}
 l - 2 potions of curing {unknown}
 m - a potion of invisibility {unknown}
 o - a potion of haste {unknown}


   Skills:
 + Level 3.5 Fighting
 * Level 2.5 Long Blades
 * Level 4.2 Armour
 + Level 0.8 Dodging
 * Level 4.0 Shields


You had 3 spell levels left.
You didn't know any spells.
Your spell library contained the following spells:

 Spells                   Type           Power      Damage    Failure   Level
 Apportation              Tloc           0%         N/A       98%         1
 Alistair's Intoxication  Tmut/Pois      0%         N/A       100%        5


Dungeon Overview and Level Annotations

Branches:
Dungeon (3/15)

Altars:
Cheibriados


Innate Abilities, Weirdness & Mutations

You are immune to sickness and miasma.
Your stone body is resilient. (AC +3)
You are immune to poison.
You resist negative energy. (rN+)
You are resistant to electric shocks. (rElec)
You are resistant to unholy torment.
You are immune to petrification.


Message History

You block the orc's attack.
You slash the orc!
You kill the orc!
The orc completely misses you.
You hit the orc.
The orc is heavily wounded.
The orc hits you with a +0 hand axe.
You closely miss the orc.
The orc is heavily wounded.
The orc closely misses you. The orc hits you with a +0 hand axe.
You hit the orc.
You kill the orc!
You hit the orc priest but do no damage.
The orc priest calls down the wrath of Beogh upon you.
Pain shoots through your body! The orc priest hits you with a +0 mace.
You hit the orc priest but do no damage.
The orc priest hits you but does no damage.
You closely miss the orc priest. The orc priest completely misses you.
You block the orc priest's attack.
You hit the orc priest.
The orc priest is moderately wounded.
The orc priest calls down the wrath of Beogh upon you.
Beogh smites you!
Ouch! That really hurt!
* * * LOW HITPOINT WARNING * * *
You are too injured to fight recklessly!
You are too injured to fight recklessly!
You are too injured to fight recklessly!
You are too injured to fight recklessly!
You are too injured to fight recklessly!
You are too injured to fight recklessly!
You barely miss the orc priest.
The orc priest is moderately wounded.
The orc priest closely misses you. The orc priest hits you with a +0 mace.
* * * LOW HITPOINT WARNING * * *
You closely miss the orc priest.
The orc priest is moderately wounded.
The orc priest calls down the wrath of Beogh upon you.
Beogh smites you!
You die...

#(# #.# #.# ##. ##.###
###.. #....# ...#
.....### ..# ...<...###
#.#
....†.##.#####.#########
......#..##.....@o.....#
....>#....<....#######..
#....#....##.###
####...##.##.#
#....##.##.#
#.†..##.##.#
#..[....##..
###.....###. #...#.#.# #


You could see an orc priest.

Vanquished Creatures
  4 adders
  2 dart slugs
  3 orcs (D:3)
  5 bats
  4 endoplasms
  2 giant cockroaches (D:1)
  2 goblins
  4 hobgoblins
  4 jackals (D:1)
  4 kobolds
  3 quokkas
  5 ball pythons
  2 rats
44 creatures vanquished.

Notes
Turn   | Place    | Note
-------+----------+-------------------------------------------
     0 | D:1      | timneilson the Gargoyle Fighter began the quest for the
                  | Orb.
     0 | D:1      | Reached XP level 1. HP: 14/14 MP: 1/1
   160 | D:1      | Reached XP level 2. HP: 19/19 MP: 2/2
   339 | D:1      | Reached XP level 3. HP: 16/23 MP: 3/3
   696 | D:2      | Found a snail-covered altar of Cheibriados.
   918 | D:2      | Reached XP level 4. HP: 23/28 MP: 4/4
  1278 | D:3      | Killed from afar by an orc priest

Illustrated notes

Levels and vault maps discovered:
D:1:      wander_arrival_lonely_grave, layout_rooms
D:2:      layout_loops_ring, basic_altar
D:3:      layout_rooms, gammafunk_temple_overflow_wave, serial_glass,
          glass_columns_c, glass_columns_a, due_unseen_surprise, uniq_ijyb,
          uniq_crazy_yiuf_cottage

Skill      XL: |  1  2  3  4 |
---------------+-------------+-----
Long Blades    | 2 |  2.5
Armour         | 4 |  4.2
Shields        | 4 |  4.0
Fighting       | |  3.5
Dodging        | |  0.8

Action                     |  1- 3 |  4- 6 || total
---------------------------+-------+-------++-------
  Melee: Long sword        |   143 |    58 ||   201
    Use: Scroll            |     6 |       ||     6
 Armour: Scale mail        |   101 |    31 ||   132
  Dodge: Dodged            |    59 |    29 ||    88
  Block: Kite shield       |    80 |    39 ||   119
         Buckler           |     1 |       ||     1

Table legend: (Time is in decaauts)
 A = Elapsed time spent in this place.
 B = Non-inter-level travel time spent in this place.
 C = Inter-level travel time spent in this place.
 D = Time resting spent in this place.
 E = Time spent auto-exploring this place.
 F = Levels seen in this place.
 G = Mean time per level.
                   A        B        C        D        E       F      G
               +--------+--------+--------+--------+--------+-----+--------+
         Total |   1370 |   1355 |     15 |      0 |    907 |   3 |  456.7 |
       Dungeon |   1370 |   1355 |     15 |      0 |    907 |   3 |  456.7 |
               +--------+--------+--------+--------+--------+-----+--------+

Top non-repeatable levels by time:
     D:2: 658 daAuts
     D:1: 588 daAuts
     D:3: 123 daAuts
